 Dungeon Crawl Stone Soup version 0.30.0-29-ga12c61a403 (webtiles) character file.

Game seed: 18314592616314742498

57960 ErythorbicAcid the Tortoise (level 14, -3/135 HPs)
             Began as a Minotaur Berserker on June 10, 2023.
             Was a High Priest of Trog.
             Slain by an orc warrior
             ... wielding a +0 trident
              (6 damage)
             ... on level 2 of the Orcish Mines.
             The game lasted 01:04:57 (18600 turns).

ErythorbicAcid the Tortoise (Minotaur Berserker)   Turns: 18600, Time: 01:04:58

Health: -3/135     AC: 35    Str: 29    XL:     14   Next: 47%
Magic:  13/13      EV: 13    Int:  4    God:    Trog [*****.]
Gold:   1030       SH:  0    Dex:  8    Spells: 13/13 levels left

rFire   . . .        k - +4 morningstar (protect)
rCold   . . .        (no shield)
rNeg    + + .        A - +10 chain mail "Zypsef" {rN++ Str+2 Dex-2}
rPois   .            (helmet restricted)
rElec   .            f - +0 cloak
rCorr   .            (no gloves)
SInv    +            s - +1 pair of boots {rampage}
Will    +....        (no amulet) Stlth
                     e - ring of flight
HPRegen 0.42/turn    o - ring of see invisible
MPRegen 0.13/turn

%: rampage
@: under a protective aura, flying
A: horns 2, retaliatory headbutt
a: Renounce Religion, Berserk, Trog's Hand, Brothers in Arms


You were on level 2 of the Orcish Mines.
You worshipped Trog.
Trog was extremely pleased with you.
You visited 3 branches of the dungeon, and saw 16 of its levels.

You collected 1228 gold pieces.
You spent 198 gold pieces at shops.

Inventory:

Hand Weapons
 k - a +4 morningstar of protection (weapon)
Missiles
 m - 3 throwing nets
 H - 4 silver boomerangs (quivered)
Armour
 f - a +0 cloak (worn)
 s - a +1 pair of boots of rampaging (worn)
 A - the +10 chain mail "Zypsef" (worn) {rN++ Str+2 Dex-2}
   (You found it on level 5 of the Lair of Beasts)

   Str:       It affects your strength (+2).
   Dex:       It affects your dexterity (-2).
   rN:        It greatly protects you from negative energy.
 I - the scarf of the Armoured One {rC+ rF+, Slay+3}
   (You found it on level 5 of the Lair of Beasts)

   Slay:      It affects your accuracy & damage with ranged weapons and melee
   (+3).
Jewellery
 e - a ring of flight (left hand)
 o - a ring of see invisible (right hand)
 x - a ring of willpower
 D - a ring of resist corrosion
 F - a ring of protection from fire
 L - an amulet of faith
Wands
 b - a wand of polymorph (9)
 p - a wand of flame (30)
 w - a wand of mindburst (15)
 C - a wand of charming (9)
Scrolls
 c - a scroll of brand weapon {unknown}
 d - 4 scrolls of magic mapping
 q - 3 scrolls of teleportation
 r - 2 scrolls of blinking
 v - 6 scrolls of identify
 y - 2 scrolls of butterflies {unknown}
 B - a scroll of enchant armour
 G - a scroll of fear
Potions
 a - 2 potions of might
 g - a potion of resistance
 h - 2 potions of haste
 i - a potion of berserk rage
 j - 2 potions of mutation
 l - 8 potions of curing
 n - 2 potions of flight
 u - 2 potions of brilliance
 z - a potion of ambrosia
 J - 3 potions of heal wounds
 K - a potion of cancellation
Miscellaneous
 t - a phantom mirror
 E - a phial of floods


   Skills:
 + Level 15.4 Fighting
 - Level 5.6(10.3) Axes
 + Level 13.2(13.7) Maces & Flails
 * Level 16.3 Armour
 * Level 15.1 Dodging


You had 13 spell levels left.
You didn't know any spells.
Your spell library was empty.

Dungeon Overview and Level Annotations

Branches:
Dungeon (9/15)             Temple (0/1) D:4            Lair (5/5) D:8
 Shoals (0/4) Lair:2        Snake (0/4) Lair:2        Slime (0/5) Lair:4
    Orc (2/2) D:9
    Elf: Orc:2

Altars:
Cheibriados
Dithmenos
Elyvilon
Fedhas
Okawaru
Ru
Sif Muna
Trog
Jiyva

Shops:
D:4 [   D:9 **   Orc:1 *

Annotations:
Lair:3 exclusion: oklob plant
Orc:2 Rupert


Innate Abilities, Weirdness & Mutations

You have a pair of horns on your head.
You reflexively headbutt those who attack you in melee.


Message History

* * * LOW HITPOINT WARNING * * *
The orc warrior unwields a +0 hand axe.
The orc warrior wields a +0 arbalest.
The orc warrior shoots a bolt.
The bolt hits you but does no damage.
The orc priest calls down the wrath of Beogh upon you.
You are unaffected.
The orc warrior hits you but does no damage.
You fly downwards.
The orc barely misses you.
The orc knight shoots a bolt.
The bolt hits you!
* * * LOW HITPOINT WARNING * * *
The orc misses you.
There is a stone staircase leading up here.
You take 13 damage, and have 30/135 hp.
Rupert barely misses you. The orc hits you but does no damage.
The orc warrior hits you but does no damage.
You closely miss the orc. You headbutt the orc!
You kill the orc!
Trog accepts your kill.
You feel less confused.
The orc knight shoots a bolt.
The bolt hits you but does no damage.
Rupert roars madly and goes into a rage!
Rupert goes berserk!
You rampage towards the orc knight!
You bludgeon the orc knight!!
Your weapon exudes an aura of protection.
Your headbutt misses the orc knight.
The orc knight is moderately wounded.
Rupert hits you with a +4 great mace of protection!
* * * LOW HITPOINT WARNING * * *
The orc warrior hits you but does no damage.
The orc knight unwields a +0 arbalest.
The orc knight wields a +0 long sword.
The orc knight hits you but does no damage.
You take 15 damage, and have 16/135 hp.
You bludgeon the orc knight!!
The orc knight is severely wounded.
Rupert misses you. The orc warrior closely misses you.
The orc knight hits you but does no damage.
You closely miss the orc warrior.
Rupert hits you with a +4 great mace of protection!
* * * LOW HITPOINT WARNING * * *
The orc warrior hits you with a +0 trident.
You die...

## #.# #### ...## ##..####
#...# ##......# ....##
##.#.....### ...<.##
#.......##.#
......#####...<.....###
.......##........@....####
........#).....o@<.....#.##
........#......oo)........#
.........................##
#..............#..........##
##.#.........##.#..........#
##..........#............##
###...........#..........##
...o.....)[...............#
.........))............#.##


You could see Rupert (berserk), an orc knight, an orc warrior and an orc.

Vanquished Creatures
  The ghost of seaoflcl the Cleaver, a journeyman HuFi of the Shining One (Lair:5)
  An ettin (Orc:1)
  2 hydras
  4 boulder beetles
  2 centaur warriors (D:9)
  A two-headed ogre (D:9)
  Erica (D:9)
  13 death yaks
  Pikel (D:4)
  A wolf spider (Lair:5)
  A deep elf pyromancer (D:9)
  2 orc sorcerers
  A cyclops (D:9)
  A manticore (D:9)
  An ugly thing (D:9)
  3 merfolk sirens (Lair:2)
  11 black mambas
  A guardian serpent (Lair:5)
  An elephant (Lair:4)
  A torpor snail (Lair:3)
  16 cane toads
  6 rime drakes
  A kobold demonologist (D:9)
  6 komodo dragons
  4 polar bears
  A merfolk (Lair:2)
  2 hornets (Lair:5)
  9 blink frogs
  7 dream sheep
  A wraith (D:9)
  9 wyverns
  A steam dragon (D:9)
  62 yaks
  3 basilisks
  4 redbacks (Lair:5)
  A warg (Orc:1)
  24 water moccasins
  2 sky beasts
  9 ice beasts
  2 black bears
  2 ogres
  8 orc warriors
  13 wolves
  3 centaurs
  A phantom (D:6)
  A kobold brigand (D:9)
  2 lemures (D:4)
  12 bullfrogs
  A gnoll sergeant (D:9)
  7 scorpions
  4 wights
  11 killer bees
  A howler monkey (D:9)
  A quasit (D:7)
  A gnoll bouda (D:8)
  2 hounds
  4 jellies
  9 orc priests
  3 iguanas (D:6)
  A sleepcap (D:7)
  Terence (D:2)
  14 orc wizards
  8 gnolls
  7 adders
  5 shadow imps
  5 white imps
  4 ufetubi
  4 worms
  2 dart slugs
  46 orcs
  13 ball pythons
  A bat (D:1)
  5 endoplasms
  2 giant cockroaches
  A hobgoblin (D:4)
  10 jackals
  A quokka (D:2)
  4 frilled lizards
  2 goblins (D:2)
  8 kobolds
  3 rats
453 creatures vanquished.

Vanquished Creatures (collateral kills)
  A gargoyle (D:9)
  A polar bear (Lair:5)
  2 dream sheep (Lair:5)
  A hornet (Lair:5)
  A shadow (D:9)
  2 wyverns (Lair:5)
  3 water moccasins (Lair:5)
  An orc (D:9)
12 creatures vanquished.

Grand Total: 465 creatures vanquished

Notes
Turn   | Place    | Note
-------+----------+-------------------------------------------
     0 | D:1      | ErythorbicAcid the Minotaur Berserker began the quest for
                  | the Orb.
     0 | D:1      | Reached XP level 1. HP: 19/19 MP: 0/0
   542 | D:1      | Reached XP level 2. HP: 25/27 MP: 1/1
   814 | D:2      | Found an iron altar of Okawaru.
   924 | D:2      | Noticed Terence
   934 | D:2      | Killed Terence
   935 | D:2      | Reached skill level 3 in Armour
   935 | D:2      | Reached XP level 3. HP: 34/34 MP: 2/2
  1085 | D:2      | Noticed a golden eye
  1086 | D:2      | Found a faded altar of an unknown god.
  1229 | D:2      | Noticed a floating eye
  1232 | D:2      | Noticed a shining eye
  1232 | D:2      | Noticed a great orb of eyes
  1597 | D:2      | Reached XP level 4. HP: 41/41 MP: 3/3
  1907 | D:3      | Reached ** piety under Trog
  2292 | D:3      | Reached skill level 5 in Fighting
  2487 | D:4      | Noticed a lemure
  2497 | D:4      | Killed a lemure
  2511 | D:4      | Noticed a scorpion
  2519 | D:4      | Killed a scorpion
  2520 | D:4      | Reached XP level 5. HP: 31/48 MP: 4/4
  2578 | D:4      | Found a staircase to the Ecumenical Temple.
  2740 | D:4      | Noticed a lemure
  2742 | D:4      | Noticed a lemure
  2744 | D:4      | Noticed a lemure
  2745 | D:4      | Noticed Pikel
  2758 | D:4      | Killed a lemure
  2764 | D:4      | Killed Pikel
  2765 | D:4      | Reached skill level 5 in Axes
  2765 | D:4      | Reached skill level 4 in Armour
  2765 | D:4      | Reached XP level 6. HP: 60/60 MP: 5/5
  2765 | D:4      | Reached XP level 7. HP: 66/66 MP: 6/6
  3041 | D:4      | Reached skill level 5 in Armour
  3191 | D:4      | Found Abod's Armour Emporium.
  3317 | D:5      | Entered Level 5 of the Dungeon
  3323 | D:5      | Reached skill level 1 in Maces & Flails
  3542 | D:5      | Reached skill level 5 in Dodging
  3542 | D:5      | Reached XP level 8. HP: 74/74 MP: 7/7
  3597 | D:4      | Bought a +1 pair of boots of rampaging for 198 gold pieces
  3839 | D:5      | Found a bloodstained altar of Trog.
  3839 | D:5      | Found a snail-covered altar of Cheibriados.
  4112 | D:6      | Reached skill level 6 in Armour
  4141 | D:6      | Reached *** piety under Trog
  4637 | D:6      | Reached XP level 9. HP: 84/84 MP: 8/8
  4886 | D:7      | Reached skill level 5 in Maces & Flails
  4907 | D:7      | Reached skill level 10 in Fighting
  5001 | D:7      | Reached skill level 7 in Armour
  5037 | D:7      | You fall into a shaft and drop 1 floor!
  5037 | D:8      | Found a shimmering blue altar of Sif Muna.
  5144 | D:7      | Found a sacrificial altar of Ru.
  5781 | D:7      | Reached **** piety under Trog
  6268 | D:8      | Noticed a rime drake
  6273 | D:8      | Killed a rime drake
  6274 | D:8      | Reached XP level 10. HP: 96/96 MP: 9/9
  6277 | D:8      | Reached skill level 8 in Armour
  6330 | D:8      | Found a staircase to the Lair.
  6979 | Lair:1   | Entered Level 1 of the Lair of Beasts
  7247 | Lair:1   | Reached skill level 9 in Armour
  7262 | Lair:1   | Noticed a cane toad
  7265 | Lair:1   | Killed a cane toad
  7549 | Lair:1   | Noticed a cane toad
  7555 | Lair:1   | Killed a cane toad
  7707 | Lair:1   | Noticed a black mamba
  7715 | Lair:1   | Killed a black mamba
  8077 | Lair:1   | Reached XP level 11. HP: 105/105 MP: 10/10
  8377 | Lair:1   | Reached skill level 10 in Armour
  8577 | Lair:1   | Noticed a boulder beetle
  8584 | Lair:1   | Killed a boulder beetle
  8706 | Lair:1   | Noticed a death yak
  8717 | Lair:1   | Killed a death yak
  8720 | Lair:1   | Noticed a death yak
  8734 | Lair:1   | Killed a death yak
  8874 | Lair:1   | Noticed a death yak
  8899 | Lair:1   | Killed a death yak
  8900 | Lair:1   | Reached skill level 10 in Dodging
  8902 | Lair:1   | Reached skill level 10 in Maces & Flails
  8902 | Lair:1   | Reached skill level 11 in Armour
  9185 | Lair:2   | Found a staircase to the Shoals.
  9944 | Lair:2   | Reached XP level 12. HP: 115/115 MP: 11/11
 10064 | Lair:2   | Found a staircase to the Snake Pit.
 10114 | Lair:2   | Reached skill level 12 in Armour
 10897 | Lair:3   | Noticed a boulder beetle
 10917 | Lair:3   | Killed a boulder beetle
 10921 | Lair:3   | Noticed a boulder beetle
 10934 | Lair:3   | Killed a boulder beetle
 11531 | Lair:3   | Reached skill level 13 in Armour
 11560 | Lair:3   | Reached ***** piety under Trog
 12092 | Lair:3   | Found a blossoming altar of Fedhas.
 12519 | Lair:4   | Noticed a death yak
 12519 | Lair:4   | Noticed a death yak
 12519 | Lair:4   | Noticed a death yak
 12519 | Lair:4   | Noticed a death yak
 12519 | Lair:4   | Noticed a death yak
 12520 | Lair:4   | Noticed a death yak
 12525 | Lair:4   | Killed a death yak
 12530 | Lair:4   | Killed a death yak
 12533 | Lair:4   | Killed a death yak
 12536 | Lair:4   | Killed a death yak
 12537 | Lair:4   | Reached XP level 13. HP: 124/124 MP: 12/12
 12912 | Lair:4   | Reached skill level 14 in Armour
 13738 | Lair:4   | Found a staircase to the Slime Pits.
 13739 | Lair:4   | Found a viscous altar of Jiyva.
 14220 | Lair:5   | Entered Level 5 of the Lair of Beasts
 15009 | Lair:5   | Reached skill level 15 in Armour
 15144 | Lair:5   | Found a large runed translucent door.
 15144 | Lair:5   | Found a large runed translucent door.
 15150 | Lair:5   | Noticed seaoflcl's ghost (journeyman HuFi)
 15275 | Lair:5   | Identified the +10 chain mail "Zypsef" {rN++ Str+2 Dex-2}
 15813 | Lair:5   | Reached XP level 14. HP: 133/133 MP: 13/13
 15819 | Lair:5   | Reached skill level 15 in Fighting
 16327 | Lair:5   | Identified the +0 robe of Morality {rPois Dex+3 Archmagi}
 16334 | Lair:5   | Identified the scarf of the Armoured One {rC+ rF+, Slay+3}
 16692 | Lair:5   | Killed seaoflcl's ghost
 17067 | D:9      | Found a staircase to the Orcish Mines.
 17302 | D:9      | Received a gift from Trog
 17615 | D:9      | Identified the +0 long sword of Generosity {antimagic,
                  | rPois rC+}
 17623 | D:9      | Reached skill level 16 in Armour
 17842 | D:9      | Identified the staff of earth "Sidein" {rN+ rCorr Int+4
                  | Stlth-}
 17903 | D:9      | Found a white marble altar of Elyvilon.
 17920 | D:9      | Noticed Erica
 17929 | D:9      | Killed Erica
 17985 | D:9      | Found Fuimimix's General Store.
 17989 | D:9      | Found Elauklyu's Specific Store.
 18063 | D:9      | Found a shadowy altar of Dithmenos.
 18098 | Orc:1    | Entered Level 1 of the Orcish Mines
 18104 | Orc:1    | Reached skill level 15 in Dodging
 18489 | Orc:2    | Entered Level 2 of the Orcish Mines
 18557 | Orc:2    | Noticed Rupert
 18557 | Orc:2    | Paralysed by Rupert for 3 turns
 18593 | Orc:1    | Found Aget's Mayhem Merchandise.
 18600 | Orc:2    | HP: 3/135 [Rupert/+4 great mace of protection (14)]
 18600 | Orc:2    | Slain by an orc warrior

Illustrated notes

Levels and vault maps discovered:
D:1:      dpeg_arrival_rooms_a, layout_loops_ring, minivault_14,
          chequers_decorated_corner, dk_noncrumbling_2
D:2:      layout_basic, basic_altar, hellmonk_ecumenical_altar_watching_god,
          uniq_terence
D:3:      layout_rooms, minmay_snake_closets
D:4:      layout_basic, minmay_temple_entry_waves, serial_shops,
          nicolae_take_the_stairs, uniq_pikel
D:5:      layout_rooms, nicolae_overflow_two_pavilions
D:6:      layout_basic
D:7:      layout_basic, nicolae_ru_awakened_eye, serial_demonic,
          serial_demonic_d, serial_demonic_g, serial_demonic_f,
          serial_demonic_d, serial_demonic_d, serial_demonic_g,
          serial_demonic_a, minmay_chambers_of_fives
D:8:      layout_loops_ring, led_sif_pool, hellmonk_lair_entry_icy
D:9:      minmay_the_grid_octo_triangle [minmay_the_grid_octo_empty,
          minmay_the_grid_octo_prize_single_spiral,
          minmay_the_grid_octo_toaster], layout_rooms, grunt_dithmenos_smoke,
          elyvilon_altar_1, david_orc_3, minmay_misc_feat_columns,
          nicolae_specific_store, uniq_erica
Lair:1:   layout_hall_layers
Lair:2:   layout_cave_pods, elwin_shoals_entry_stream, dummy_snake_entry
Lair:3:   layout_regular_city, tgw_fedhas
Lair:4:   nzn_winding_woodlands_medium [nzn_winding_woodlands_hourglass,
          nzn_winding_woodlands_5x15_longhouse,
          nzn_winding_woodlands_5x5_checkerboard,
          nzn_winding_woodlands_5x5_cross, nzn_winding_woodlands_center_lodge,
          nzn_winding_woodlands_5x5_open_star,
          nzn_winding_woodlands_5x5_default,
          nzn_winding_woodlands_5x15_lazy_stream,
          nzn_winding_woodlands_5x5_default], layout_layer_cave, slime_entry_1
Lair:5:   hangedman_lair_tendril_chambers, layout_concentric_octagons,
          ebering_ghost_disaster_area, serial_bayou_shore_b
Orc:1:    layout_caves, minmay_shop_mayhem, nicolae_orc_crystal_geode,
          uniq_snorg
Orc:2:    st_orc_town, layout_diamond_mine, uniq_donald, uniq_rupert

Skill      XL: |  1  2  3  4  5  6  7  8  9 10 11 12 13 14 |
---------------+-------------------------------------------+-----
Fighting       | 4 5 7 8 9 11 12 13 14 15 | 15.4
Axes           | 4 5 |  5.6
Armour         | 3 4 5 6 7 9 11 13 15 16 | 16.3
Dodging        | 3 4 5 6 7 8 10 12 14 15 | 15.1
Maces & Flails | 2 4 7 9 10 11 12 13 | 13.2

Action                     |  1- 3 |  4- 6 |  7- 9 | 10-12 | 13-15 || total
---------------------------+-------+-------+-------+-------+-------++-------
  Melee: Hand axe          |    58 |    83 |     6 |       |       ||   147
         Headbutt          |     8 |    11 |    33 |    98 |   103 ||   253
         Morningstar       |       |       |   228 |   457 |   497 ||  1182
         Punch             |       |       |     2 |     3 |     5 ||    10
  Throw: Boomerang         |       |       |       |       |     2 ||     2
 Invoke: Berserk           |     4 |     4 |     9 |    15 |    15 ||    47
         Trog's Hand       |       |       |       |     2 |       ||     2
         Brothers in Arms  |       |       |       |       |     3 ||     3
  Evoke: Wand              |       |       |     1 |     1 |       ||     2
    Use: Scroll            |     3 |     4 |     3 |     7 |     5 ||    22
         Potion            |     3 |     2 |     2 |     2 |     1 ||    10
 Armour: Animal skin       |     3 |       |       |       |       ||     3
         Scale mail        |    16 |    39 |   174 |   230 |    90 ||   549
         Chain mail        |       |       |       |       |   168 ||   168
  Dodge: Dodged            |    30 |    48 |   183 |   283 |   263 ||   807
